 Dungeon Crawl Stone Soup version 0.26-a0-1021-gda264ca44c (webtiles) character file.

Game seed: 10241131141849547816

56 runemasterragnar the Skirmisher (level 3, 0/40 HPs)
             Began as an Ogre Fighter on Dec 9, 2020.
             Slain by an orc wizard
             ... wielding a +0 dagger
              (1 damage)
             ... on level 3 of the Dungeon.
             The game lasted 00:02:12 (1895 turns).

runemasterragnar the Skirmisher (Ogre Fighter)      Turns: 1895, Time: 00:02:12

Health: 0/40       AC:  3    Str: 20    XL:     3   Next: 97%
Magic:  3/3        EV:  8    Int: 10    God:
Gold:   56         SH:  8    Dex:  8    Spells: 2/2 levels left

rFire    . . .     SeeInvis .   a - +0 flail
rCold    . . .     Faith    .   c - +0 kite shield
rNeg     . . .     Spirit   .   b - +0 robe
rPois    .         Reflect  .   (helmet restricted)
rElec    .         Harm     .   (no cloak)
rCorr    .         Rampage  .   (gloves unavailable)
Will     .....                  (boots unavailable)
Stlth    +.........             (no amulet)
HPRegen  0.13/turn              (no ring)
MPRegen  0.08/turn              (no ring)

@: mighty
A: large, unfitting armour, tough skin 1
a: no special abilities


You were on level 3 of the Dungeon.
You visited 1 branch of the dungeon, and saw 3 of its levels.

You collected 56 gold pieces.

Inventory:

Hand Weapons
 a - a +0 flail (weapon)
Armour
 b - a +0 robe (worn)
 c - a +0 kite shield (worn)
Scrolls
 e - 2 scrolls of remove curse
Potions
 l - a potion of experience {unknown}


   Skills:
 + Level 4.5 Fighting
 * Level 2.7 Maces & Flails
 + Level 1.0 Armour
 + Level 3.1 Dodging
 - Level 2.6 Shields


You had 2 spell levels left.
You didn't know any spells.
Your spell library was empty.

Dungeon Overview and Level Annotations

Branches:
Dungeon (3/15)

Altars:
Dithmenos


Innate Abilities, Weirdness & Mutations

You are too large for most types of armour.
You have tough skin. (AC +1)


Message History

You miss something. Something hits you. x2
You barely miss something.
You hear some strange, mumbled words.
A puff of flame appears from out of thin air!
The puff of flame hits you! Something hits you.
* * * LOW HITPOINT WARNING * * *
Something hits you.
* * * LOW HITPOINT WARNING * * *
You sock something!
Something hits you but does no damage. x2
You closely miss something. Something hits you.
* * * LOW HITPOINT WARNING * * *
You block something's attack.
You miss something. Something hits you.
* * * LOW HITPOINT WARNING * * *
You block something's attack.
Unknown command.
You miss something. Something hits you.
* * * LOW HITPOINT WARNING * * *
Something hits you.
You die...

### ... #.# ###
#)# .. . #@# .#
..# ##{###.#oo...
######.#o..o.or..#
#.....###o..##..##
#.####.#.#### #.#
#.( #.# ##.# #.#
#... ##.## #####


You could see 2 orcs.

Vanquished Creatures
  2 dart slugs (D:1)
  3 leopard geckos
  An orc (D:3)
  2 giant cockroaches (D:1)
  3 goblins (D:1)
  5 hobgoblins
  11 jackals
  4 kobolds
  3 bats
  3 frilled lizards (D:1)
  5 rats
42 creatures vanquished.

Notes
Turn   | Place    | Note
-------+----------+-------------------------------------------
     0 | D:1      | runemasterragnar the Ogre Fighter began the quest for the
                  | Orb.
     0 | D:1      | Reached XP level 1. HP: 24/24 MP: 1/1
    61 | D:1      | Reached XP level 2. HP: 20/32 MP: 2/2
   585 | D:1      | Reached XP level 3. HP: 40/40 MP: 3/3
  1280 | D:2      | Reached skill level 1 in Armour
  1839 | D:3      | Found a shadowy altar of Dithmenos.
  1895 | D:3      | HP: 1/40 [something (3)]
  1895 | D:3      | Slain by an orc wizard

Illustrated notes

Levels and vault maps discovered:
D:1:      dpeg_arrival_erosion, layout_basic
D:2:      layout_loops_cross, minmay_misc_feat_secret_circle
D:3:      layout_loops_corners, grunt_dithmenos_smoke_and_mirrors

Skill      XL: |  1  2  3 |
---------------+----------+-----
Maces & Flails | 2 |  2.7
Dodging        | 3 |  3.1
Armour         | 1 |  1.0
Fighting       | |  4.5
Shields        | |  2.6

Action                   || total
-------------------------++-------
Melee: Flail             ||   176
  Use: Scroll            ||     6
       Potion            ||     3
Armor: Robe              ||    82
Dodge: Dodged            ||    70
Block: Kite shield       ||    88

Table legend: (Time is in decaauts)
 A = Elapsed time spent in this place.
 B = Non-inter-level travel time spent in this place.
 C = Inter-level travel time spent in this place.
 D = Time resting spent in this place.
 E = Time spent auto-exploring this place.
 F = Levels seen in this place.
 G = Mean time per level.
                   A        B        C        D        E       F      G
               +--------+--------+--------+--------+--------+-----+--------+
         Total |   1957 |   1923 |     34 |      0 |   1541 |   3 |  652.3 |
       Dungeon |   1957 |   1923 |     34 |      0 |   1541 |   3 |  652.3 |
               +--------+--------+--------+--------+--------+-----+--------+

Top non-repeatable levels by time:
     D:1: 1112 daAuts
     D:2: 767 daAuts
     D:3: 77 daAuts
